Map: Golden Wall LE

Players

ShoWTimE - Winner!

  • Race: Protoss Protoss
  • Spawn Location: 5:00

Future

  • Race: Terran Terran
  • Spawn Location: 7:00

Event: Shopify TSL 5

VOD

Have the link to the VOD?

Description

Time

  • Played on: May 23, 2020, 2:58 p.m.
  • Length: 9:04

All games in this series

Show
View Real Time Build Order
Export as new Build Order

ShoWTimE Protoss - Winner!

Build Orders: 1 Gate Expand, Blink Stalkers 

Get SALT Encoding   

  12  0:00  Probe  
  13  0:12  Probe  
  14  0:18  Pylon  
  14  0:24  Probe  
  15  0:37  Probe (Chrono Boost)  
  15  0:39  Gateway  
  16  0:46  Probe (Chrono Boost)  
  16  0:47  Assimilator  
  17  0:51  Probe (Chrono Boost)  
  18  1:03  Probe  
  19  1:15  Probe  
  20  1:26  Cybernetics Core  
  20  1:34  Nexus  
  20  1:37  Probe  
  21  1:47  Pylon  
  21  1:50  Probe  
  22  1:54  Assimilator  
  22  2:02  Probe, Adept (Chrono Boost)  
  22  2:05  Warp Gate  
  25  2:14  Probe  
  26  2:22  Stalker (Chrono Boost)  
  28  2:30  Gateway  
  28  2:31  Probe  
  29  2:40  Twilight Council  
  29  2:43  Probe  
  30  2:45  Stalker  
  30  2:50  Probe  
  33  2:56  Probe (Chrono Boost)  
  34  3:03  Probe (Chrono Boost)  
  37  3:13  Gateway  
  37  3:14  Probe x2 (Chrono Boost)  
  37  3:18  Blink (Chrono Boost)  
  37  3:19  Probe (Chrono Boost)  
  37  3:21  Probe (Chrono Boost)  
  37  3:29  Probe  
  37  3:32  Probe, Robotics Facility  
  40  3:41  Probe  
  40  3:44  Probe  
  40  3:48  Pylon  
  41  3:53  Probe, Sentry  
  44  3:56  Probe  
  44  4:02  Nexus  
  45  4:05  Probe, Phoenix  
  45  4:07  Pylon  
  45  4:09  Probe  
  47  4:15  Stalker  
  47  4:16  Assimilator  
  49  4:20  Probe, Observer  
  49  4:21  Probe  
  52  4:24  Stalker  
  52  4:31  Pylon  
  54  4:33  Probe  
  54  4:34  Probe  
  56  4:39  Stalker, Pylon  
  56  4:43  Observer  
  59  4:46  Probe  
  59  4:47  Probe  
  59  4:49  Stalker  
  59  4:52  Observer  
  63  4:58  Probe  
  63  4:59  Probe  
  65  5:01  Forge  
  65  5:04  Gateway  
  65  5:05  Gateway  
  65  5:10  Probe  
  65  5:11  Probe  
  67  5:16  Immortal  
  67  5:17  Probe  
  67  5:19  Charge (Chrono Boost)  
  72  5:25  Protoss Ground Armor Level 1 (Chrono Boost)  
  72  5:26  Sentry  
  74  5:28  Gateway  
  74  5:40  Gateway x2  
  74  5:44  Probe  
  74  5:45  Probe x2  
  77  5:56  Sentry, Zealot  
  77  5:57  Probe x2  
  82  5:58  Probe, Pylon  
  82  6:02  Stalker  
  86  6:07  Immortal (Chrono Boost)  
  86  6:08  Shield Battery  
  86  6:11  Pylon  
  90  6:18  Zealot x2  
  94  6:23  Pylon  
  94  6:27  Gateway  
  94  6:29  Zealot x3  
  100  6:36  Observer  
  100  6:37  Zealot x2  
  104  6:41  Pylon  
  104  6:45  Immortal (Chrono Boost)  
  104  6:53  Pylon  
  108  6:54  Stalker x3  
  108  6:55  Zealot  
  108  7:00  Zealot x3  
  122  7:13  Probe  
  122  7:14  Probe  
  124  7:22  Zealot x2  
  114  7:24  Zealot x6  
  114  7:30  Probe  
  114  7:34  Probe  
  114  7:35  Probe  
  112  7:47  Zealot x5  
  112  7:50  Probe  
  112  7:59  Observer  
  112  8:02  Zealot x3  
  104  8:09  Zealot  
  104  8:12  Probe x2  
  104  8:14  Probe  
  104  8:18  Warp Prism (Chrono Boost)  
  105  8:24  Probe, Assimilator  
  105  8:25  Probe  
  105  8:26  Zealot  
  105  8:27  Zealot x4  
  115  8:28  Assimilator  
  115  8:32  Probe  
  120  8:36  Templar Archives  
  120  8:37  Probe  
  120  8:40  Probe  
  122  8:47  Pylon  
  122  8:48  Zealot x4  
  130  8:52  Pylon  
  130  8:55  Pylon  
Show
View Real Time Build Order
Export as new Build Order

Future Terran 

Build Orders: Reaper Expand 

Get SALT Encoding   

  12  0:00  SCV  
  13  0:13  SCV  
  14  0:17  Supply Depot  
  14  0:25  SCV  
  15  0:38  SCV  
  15  0:40  Barracks  
  16  0:44  Refinery  
  16  0:50  SCV  
  17  1:03  SCV  
  18  1:15  SCV  
  19  1:28  Reaper, Orbital Command  
  20  1:46  Command Center  
  20  1:54  SCV  
  20  2:00  Supply Depot, Marine  
  22  2:06  SCV  
  23  2:16  Bunker  
  23  2:19  Barracks Reactor  
  23  2:22  SCV  
  24  2:25  Factory  
  24  2:34  SCV  
  24  2:35  Refinery  
  25  2:46  SCV  
  26  2:58  SCV  
  26  3:03  Marine  
  28  3:09  Marine  
  28  3:12  Starport, Widow Mine  
  31  3:19  SCV  
  32  3:21  Marine  
  32  3:22  Orbital Command  
  33  3:28  Marine  
  33  3:31  SCV  
  33  3:34  Widow Mine  
  37  3:38  Supply Depot  
  37  3:41  Marine  
  37  3:43  SCV  
  37  3:46  Marine  
  40  3:48  SCV  
  40  3:50  Medivac  
  40  3:53  Barracks  
  43  3:55  SCV  
  43  4:01  SCV  
  45  4:03  Barracks  
  45  4:07  SCV  
  45  4:08  Factory Tech Lab  
  46  4:13  SCV  
  46  4:15  Engineering Bay  
  46  4:16  Supply Depot  
  47  4:20  SCV  
  47  4:23  Starport Tech Lab  
  48  4:24  Marine  
  48  4:25  SCV, Marine  
  51  4:32  SCV  
  51  4:33  Refinery  
  51  4:37  SCV  
  53  4:40  Supply Depot, Terran Infantry Weapons Level 1  
  53  4:44  Factory Reactor  
  53  4:45  SCV  
  54  4:47  Marine  
  54  4:48  Marine  
  54  4:49  SCV  
  54  4:50  Stimpack  
  57  4:58  Marine x2  
  59  5:00  SCV  
  59  5:01  SCV  
  59  5:04  Marine  
  59  5:05  Supply Depot, Starport Reactor  
  59  5:06  Marine  
  63  5:10  Refinery  
  63  5:12  SCV  
  63  5:13  SCV  
  65  5:18  Marine  
  65  5:19  Marine  
  65  5:20  Combat Shield  
  66  5:22  Marine  
  66  5:24  SCV, Marine  
  66  5:25  SCV, Supply Depot  
  70  5:29  Supply Depot  
  70  5:31  Widow Mine  
  70  5:33  Widow Mine  
  74  5:38  Marauder  
  74  5:40  Marauder  
  78  5:46  Medivac, Marine x2  
  78  5:48  Medivac  
  84  5:51  Supply Depot  
  84  5:55  Supply Depot  
  86  6:00  Widow Mine  
  86  6:02  Marauder x2  
  90  6:04  Marine  
  90  6:05  Marine  
  92  6:14  Supply Depot  
  92  6:15  Supply Depot  
  92  6:16  Medivac  
  94  6:20  Medivac  
  94  6:21  Widow Mine  
  98  6:29  Marauder x2, Marine x2  
  98  6:30  Concussive Shells  
  98  6:31  Widow Mine  
  105  6:35  Terran Infantry Armor Level 1  
  105  6:39  Supply Depot  
  105  6:41  Supply Depot  
  103  6:48  Liberator  
  103  6:50  Marauder x2  
  103  6:52  Marine x2  
  112  6:56  Liberator  
  115  7:02  Widow Mine  
  115  7:03  Widow Mine  
  119  7:10  Marine x2  
  119  7:12  Marauder  
  119  7:14  Marine  
  122  7:28  Marine x2  
  110  7:31  Widow Mine x2, Liberator  
  110  7:32  Marauder  
  110  7:33  Marauder  
  110  7:36  Supply Depot  
  121  7:42  Liberator  
  124  7:46  Marine x2  
  117  7:53  Marine  
  117  7:54  Marine  
  113  8:03  Command Center  
  113  8:04  Marine x2  
  99  8:11  Marauder  
  99  8:12  Marauder  
  92  8:14  Liberator  
  92  8:17  SCV x2  
  95  8:21  Marine  
  99  8:27  Armory  
  99  8:29  SCV x2, Engineering Bay  
  99  8:34  Marauder  
  103  8:35  Marauder  
  105  8:42  Barracks  
  105  8:43  Barracks  
Tags
 
Add a new tag
Caveats
  • Supply blocks, unpowered buildings, or Contaminate may cause inaccurate times.
  • Supply counts are checked every 10 seconds.